 Dungeon Crawl Stone Soup version 0.29.1-4-g47bece8355 (webtiles) character file.

Game seed: 969679785520603190

124898 Zeld the Executioner (level 16, -1/228 HPs)
             Began as a Minotaur Berserker on Dec 8, 2022.
             Was a High Priest of Trog.
             Slain by a spriggan rider
             ... wielding a +0 spear
              (4 damage)
             ... on level 3 of the Swamp on Dec 9, 2022.
             The game lasted 00:33:50 (23513 turns).

Zeld the Executioner (Minotaur Berserker)          Turns: 23513, Time: 00:33:51

Health: -1/228     AC: 28    Str: 31    XL:     16   Next: 40%
Magic:  15/15      EV: 12    Int:  4    God:    Trog [*****.]
Gold:   3842       SH:  0    Dex:  9    Spells: 15/15 levels left

rFire   . . .      SeeInvis +   a - +8 battleaxe (flame)
rCold   . . .      Faith    .   (shield currently unavailable)
rNeg    . . .      Spirit   .   B - +0 plate armour
rPois   .          Reflect  .   (helmet restricted)
rElec   .          Harm     .   y - +2 cloak
rCorr   .          Rampage  .   t - +2 pair of gloves
Will    ++...                   d - +2 pair of boots
Stlth   ..........              m - amulet of regeneration
HPRegen 1.28/turn               D - ring of see invisible
MPRegen 0.14/turn               L - ring of willpower

@: berserking, very quick
A: horns 2, retaliatory headbutt
a: Renounce Religion, Berserk, Trog's Hand, Brothers in Arms


You were on level 3 of the Swamp.
You worshipped Trog.
Trog was extremely pleased with you.
You visited 5 branches of the dungeon, and saw 23 of its levels.
You also visited: Ice Cave.

You collected 4991 gold pieces.
You spent 1149 gold pieces at shops.

Inventory:

Hand Weapons
 a - a +8 battleaxe of flaming (weapon)
Armour
 d - a +2 pair of boots (worn)
 t - a +2 pair of gloves (worn)
 y - a +2 cloak (worn)
 B - a +0 plate armour (worn)
Jewellery
 e - a ring of resist corrosion
 m - an amulet of regeneration (around neck)
 D - a ring of see invisible (left hand)
 L - a ring of willpower (right hand)
Wands
 s - a wand of quicksilver (18)
 w - a wand of paralysis (30)
 z - a wand of digging (10)
 E - a wand of mindburst (22)
 I - a wand of iceblast (21)
 K - a wand of flame (33)
Scrolls
 b - 2 scrolls of brand weapon
 c - 5 scrolls of fear
 i - 3 scrolls of enchant armour
 j - a scroll of silence
 o - 9 scrolls of teleportation
 J - 2 scrolls of magic mapping
 M - 3 scrolls of blinking
 N - a scroll of summoning
Potions
 g - 4 potions of resistance
 h - a potion of cancellation
 k - 6 potions of heal wounds
 l - 5 potions of flight
 n - 5 potions of haste
 p - 6 potions of curing
 q - 5 potions of lignification {unknown}
 r - 5 potions of mutation {unknown}
 u - a potion of berserk rage {unknown}
 v - 5 potions of might {unknown}
 A - 3 potions of invisibility
 C - 5 potions of ambrosia {unknown}
 F - 4 potions of degeneration {unknown}
 G - 3 potions of magic {unknown}
Miscellaneous
 f - a lightning rod (4/4)


   Skills:
 + Level 16.5 Fighting
 * Level 22.2 Axes
 + Level 16.2 Armour
 + Level 15.0 Dodging


You had 15 spell levels left.
You didn't know any spells.
Your spell library was empty.

Dungeon Overview and Level Annotations

Branches:
Dungeon (12/15)            Temple (1/1) D:7            Lair (5/5) D:9
  Swamp (3/4) Lair:3       Spider (0/4) Lair:3        Slime (0/5) Lair:4
    Orc (2/2) D:10            Elf (0/3) Orc:2         IceCv (visited)

Altars:
Ashenzari
Cheibriados
Dithmenos
Elyvilon
Fedhas
Gozag
Hepliaklqana
Kikubaaqudgha
Makhleb
Nemelex Xobeh
Okawaru
Qazlal
Ru
Sif Muna
Trog
Uskayaw
Vehumet
Wu Jian
Xom
Yredelemnul
Zin
The Shining One

Shops:
D:4 [(   D:6 :   D:8 (   Orc:1 [   Orc:2 (!=?

Portals:
Pandemonium: Orc:2


Innate Abilities, Weirdness & Mutations

You have a pair of horns on your head.
You reflexively headbutt those who attack you in melee.


Message History

You slice the bunyip!! You burn the bunyip.
You slice one of the seven-headed hydra's heads off!
The flame cauterises the wound!
You hit the six-headed hydra. You burn the six-headed hydra.
You slash the alligator! You burn the alligator.
The spriggan rider hits you from afar with a +0 spear.
* * * LOW HITPOINT WARNING * * *
The alligator bites you but does no damage.
The alligator tail-slaps you but does no damage.
Unknown command.
Unknown command.
Unknown command.
You lop one of the six-headed hydra's heads off!
The flame cauterises the wound!
You open the five-headed hydra like a pillowcase!!!
You burn the five-headed hydra!
You feel the power of Trog in you as your rage grows.
You kill the five-headed hydra!
Trog accepts your kill.
You slice the swamp worm!! You burn the swamp worm!
You kill the swamp worm!
Trog accepts your kill.
You closely miss the bunyip. You closely miss the alligator.
The spriggan rider hits you from afar with a +0 spear.
* * * LOW HITPOINT WARNING * * *
The alligator barely misses you.
The alligator tail-slaps you but does no damage.
The spriggan rider closely misses you.
Unknown command.
Unknown command.
Unknown command.
You closely miss the bunyip. Your headbutt misses the bunyip.
The bunyip is almost dead.
You slice the alligator!! You burn the alligator.
You kill the alligator!
Trog accepts your kill.
The bunyip claws you but does no damage. x2
The bunyip claws you!!
* * * LOW HITPOINT WARNING * * *
The spriggan rider hits you from afar with a +0 spear.
You die...

♣♣>.~~~~..♣♣
♣~.~§~~~~~~♣
♣..~(~~~n.♣♣♣♣
♣~...~~..~~~♣
♣~.§<.♣♣n~~~♣♣
♣...♣♣♣♣~††~.♣♣
~....~†~♣ ♣~~ni.i♣
~..~....♣ ♣..~~..♣♣
~.~~~.~.♣ ♣♣..i†@.♣
..~~§~~~. ♣....x††f♣
.~~~~~~~~.....♣♣.~~...~
..~~~~~~~~~..~♣♣♣♣...~~~
~~~~~.....~~~~§ ♣~.~..
.~~~~~~~ ♣...~ .~~~~~~
~~~. ~~~~ ~~.


You could see 3 ghouls, a shambling mangrove, a bunyip and 3 spriggan riders.

Vanquished Creatures
  2 tentacled monstrosities
  Roxanne (Swamp:2)
  A frost giant (IceCv)
  An orc warlord (Orc:1)
  7 eleionomae
  Azrael (Orc:2)
  2 bunyips
  The ghost of scionoferis the Thaumaturge, a journeyman DEAM of Vehumet (Lair:3)
  A shambling mangrove (Swamp:2)
  A fire dragon (Lair:5)
  The ghost of GigaChad the Cleaver, a journeyman MiFi of Yredelemnul (Lair:2)
  11 hydras
  2 boulder beetles
  2 catoblepae
  2 demonspawn (Orc:2)
  A ghost crab (Swamp:2)
  5 two-headed ogres
  Erica (Lair:1)
  3 centaur warriors (D:12)
  A dancing weapon (Lair:3)
  14 alligators
  10 death yaks
  A tengu warrior (D:12)
  5 orc high priests (Orc:2)
  3 spriggans
  A soul eater (Orc:2)
  A deep elf knight (D:12)
  3 goliath frogs
  5 bog bodies
  4 lindwurms (Lair:5)
  4 swamp dragons
  4 orc knights (Orc:2)
  2 ugly things (D:12)
  11 orc sorcerers
  A cyclops (Orc:1)
  A wolf spider (Lair:5)
  8 elephants
  11 black mambas
  A guardian serpent (Lair:5)
  An ice statue (IceCv)
  19 cane toads
  An unseen horror (D:11)
  7 torpor snails
  A gargoyle (D:8)
  4 kobold demonologists
  A komodo dragon (shapeshifter) (D:12)
  An ice devil (Orc:2)
  13 rime drakes
  6 komodo dragons
  A yaktaur (D:12)
  7 polar bears
  6 trolls
  13 tyrant leeches
  15 hornets
  7 blink frogs
  10 dream sheep (Lair:4)
  4 slime creatures (D:12)
  A shadow (D:10)
  2 wraiths
  17 wyverns
  43 yaks
  4 fire elementals (Orc:2)
  15 vampire mosquitoes
  3 basilisks
  A redback (Lair:5)
  A neqoxec (Orc:2)
  A chaos spawn (Orc:2)
  Menkaure (D:7)
  12 swamp worms
  4 wargs
  An acid dragon (D:11)
  16 water moccasins
  3 hell hounds (Orc:2)
  32 orc warriors
  A sky beast (D:6)
  A black bear (D:5)
  A swamp drake (Swamp:2)
  6 ogres
  3 centaurs
  22 wolves
  2 phantoms
  Blork the orc (D:4)
  8 kobold brigands
  12 bullfrogs
  2 scorpions
  A blink frog simulacrum (Lair:2)
  7 killer bees (D:10)
  2 electric eels
  16 jellies
  29 orc priests
  5 hounds
  Crazy Yiuf (D:4)
  A water moccasin simulacrum (Lair:2)
  2 gnoll boudas
  13 orc wizards
  3 yak simulacra (Lair:2)
  7 adders
  9 gnolls
  A shadow imp (D:5)
  A white imp (D:8)
  An ufetubus (D:6)
  2 worms
  4 dart slugs
  73 orcs
  3 ball pythons
  10 endoplasms
  2 giant cockroaches (D:3)
  6 goblins
  5 hobgoblins
  A jackal (D:2)
  21 kobolds
  5 quokkas
  3 bats
  7 frilled lizards
  5 rats (D:2)
716 creatures vanquished.

Vanquished Creatures (collateral kills)
  A tyrant leech (Lair:5)
1 creature vanquished.

Vanquished Creatures (others)
  A bloated husk (Swamp:1)
  22 fungi
  45 plants
68 creatures vanquished.

Grand Total: 785 creatures vanquished

Notes
Turn   | Place    | Note
-------+----------+-------------------------------------------
     0 | D:1      | Zeld the Minotaur Berserker began the quest for the Orb.
     0 | D:1      | Reached XP level 1. HP: 19/19 MP: 0/0
   324 | D:1      | Reached XP level 2. HP: 21/27 MP: 1/1
   545 | D:1      | Reached skill level 4 in Axes
   838 | D:1      | Found a faded altar of an unknown god.
  1297 | D:2      | Reached ** piety under Trog
  1301 | D:2      | Reached XP level 3. HP: 30/33 MP: 2/2
  1767 | D:2      | Reached XP level 4. HP: 40/40 MP: 3/3
  1896 | D:3      | Reached skill level 5 in Axes
  1898 | D:3      | Found a broken altar of Ashenzari.
  2394 | D:3      | Reached XP level 5. HP: 40/47 MP: 4/4
  2667 | D:3      | Found a shimmering blue altar of Sif Muna.
  2753 | D:4      | Found a stormy altar of Qazlal.
  2753 | D:4      | Found a sacrificial altar of Ru.
  2776 | D:4      | Noticed a phantom
  2784 | D:4      | Reached skill level 6 in Axes
  2784 | D:4      | Reached XP level 6. HP: 54/55 MP: 5/5
  2787 | D:4      | Noticed Blork the orc
  2790 | D:4      | Reached skill level 5 in Fighting
  2798 | D:4      | Killed Blork the orc
  2799 | D:4      | Reached *** piety under Trog
  2845 | D:4      | Found Killusm's Armour Boutique.
  2853 | D:4      | Bought a +0 pair of gloves for 45 gold pieces
  2944 | D:4      | Reached XP level 7. HP: 55/61 MP: 6/6
  3065 | D:4      | Found Yptysuf's Antique Weapon Emporium.
  3116 | D:4      | Found an ornate altar of the Wu Jian Council.
  3119 | D:4      | Found a burning altar of Makhleb.
  3130 | D:4      | Found a shadowy altar of Dithmenos.
  3137 | D:4      | Found a snail-covered altar of Cheibriados.
  3283 | D:4      | Found a runed translucent door.
  3284 | D:4      | Noticed Crazy Yiuf
  3359 | D:4      | Killed Crazy Yiuf
  3360 | D:4      | Reached skill level 7 in Axes
  3400 | D:5      | Entered Level 5 of the Dungeon
  3608 | D:5      | Reached skill level 5 in Armour
  4287 | D:6      | Reached skill level 5 in Dodging
  4287 | D:6      | Reached XP level 8. HP: 63/69 MP: 7/7
  4315 | D:6      | Reached skill level 8 in Axes
  4353 | D:6      | Found Veski's Vocational Training.
  4870 | D:7      | Found a staircase to the Ecumenical Temple.
  4883 | Temple   | Entered the Ecumenical Temple
  4930 | D:7      | Noticed Menkaure
  4946 | D:7      | Killed Menkaure
  4972 | D:7      | Reached **** piety under Trog
  4989 | D:7      | Found a radiant altar of Vehumet.
  5003 | D:7      | Reached skill level 9 in Axes
  5115 | D:4      | Bought a glowing battleaxe for 256 gold pieces
  5263 | D:7      | Found a glowing silver altar of Zin.
  5271 | D:7      | Found a glowing golden altar of the Shining One.
  5272 | D:7      | Found a white marble altar of Elyvilon.
  5438 | D:7      | Found a shimmering altar of Xom.
  5599 | D:8      | Found Wegg's Antique Weapon Shoppe.
  5803 | D:8      | Found a hazy altar of Hepliaklqana.
  5804 | D:8      | Found a faded altar of an unknown god.
  5804 | D:8      | Noticed a gargoyle
  5809 | D:8      | Killed a gargoyle
  5915 | D:8      | Reached XP level 9. HP: 72/79 MP: 8/8
  5975 | D:8      | Reached skill level 10 in Axes
  6393 | D:9      | Found a staircase to the Lair.
  6403 | D:9      | Reached skill level 11 in Axes
  6407 | D:9      | Reached ***** piety under Trog
  6730 | D:9      | Reached XP level 10. HP: 90/90 MP: 9/9
  7013 | D:10     | Entered Level 10 of the Dungeon
  7080 | D:10     | Found a bloodstained altar of Trog.
  7093 | D:10     | Found a staircase to the Orcish Mines.
  7111 | D:10     | Noticed a two-headed ogre
  7115 | D:10     | Killed a two-headed ogre
  7126 | D:10     | Reached skill level 12 in Axes
  7309 | D:10     | Found a sparkling altar of Nemelex Xobeh.
  7420 | D:10     | Noticed a six-headed hydra
  7429 | D:10     | Killed an 11-headed hydra
  7897 | D:11     | Noticed a two-headed ogre
  7904 | D:11     | Killed a two-headed ogre
  7905 | D:11     | Reached skill level 13 in Axes
  8200 | D:11     | Reached XP level 11. HP: 99/99 MP: 10/10
  8291 | D:11     | Reached skill level 10 in Fighting
  8403 | D:11     | Noticed a two-headed ogre
  8409 | D:11     | Killed a two-headed ogre
  8759 | D:11     | Noticed a two-headed ogre
  8766 | D:11     | Killed a two-headed ogre
  8842 | D:11     | Identified a scroll of acquirement
  8843 | D:11     | Acquired 844 gold pieces
  8882 | D:11     | Noticed a two-headed ogre
  8889 | D:11     | Killed a two-headed ogre
  8890 | D:11     | Reached skill level 10 in Armour
  9024 | D:12     | Reached skill level 14 in Axes
  9059 | D:12     | Noticed a centaur warrior
  9063 | D:12     | Noticed a centaur warrior
  9063 | D:12     | Noticed a deep elf knight
  9067 | D:12     | Killed a centaur warrior
  9071 | D:12     | Noticed a boulder beetle
  9071 | D:12     | Noticed a purple ugly thing
  9075 | D:12     | Killed a centaur warrior
  9080 | D:12     | Killed a deep elf knight
  9083 | D:12     | Killed a boulder beetle
  9086 | D:12     | Killed a purple ugly thing
  9103 | D:12     | Noticed a centaur warrior
  9472 | D:12     | Killed a centaur warrior
  9473 | D:12     | Reached skill level 15 in Axes
  9473 | D:12     | Reached skill level 10 in Dodging
  9473 | D:12     | Reached XP level 12. HP: 110/110 MP: 11/11
  9553 | D:12     | Noticed a tengu warrior
  9578 | D:12     | Killed a tengu warrior
  9795 | Lair:1   | Entered Level 1 of the Lair of Beasts
 10102 | Lair:1   | Noticed a catoblepas
 10153 | Lair:1   | Killed a catoblepas
 10343 | Lair:1   | Noticed Erica
 10356 | Lair:1   | Killed Erica
 10357 | Lair:1   | Reached skill level 16 in Axes
 11077 | Lair:2   | Found a frozen archway.
 11097 | IceCv    | Entered an ice cave
 11118 | IceCv    | Noticed a death yak
 11137 | IceCv    | Killed a death yak
 11459 | IceCv    | Noticed a death yak
 11467 | IceCv    | Killed a death yak
 11468 | IceCv    | Noticed a death yak
 11476 | IceCv    | Killed a death yak
 11735 | IceCv    | Reached XP level 13. HP: 100/119 MP: 12/12
 11857 | IceCv    | Reached skill level 17 in Axes
 11920 | IceCv    | Noticed a frost giant
 11934 | IceCv    | Killed a frost giant
 12593 | Lair:2   | Identified the +6 scale mail of Festooned Surprise {Will++
                  | SInv}
 12652 | Lair:2   | Found a runed translucent gate.
 12653 | Lair:2   | Found a runed translucent gate.
 12654 | Lair:2   | Found a runed translucent gate.
 12881 | Lair:2   | Acquired 1277 gold pieces
 13248 | Lair:2   | Noticed GigaChad's ghost (journeyman MiFi)
 13382 | Lair:2   | Killed GigaChad's ghost
 13383 | Lair:2   | Received a gift from Trog
 13644 | Lair:3   | Identified the +6 mace of the Bashing Fox {flame, *Noise
                  | rF+ rC+ rCorr}
 13722 | Lair:3   | Reached skill level 18 in Axes
 13936 | Lair:3   | Found a hole to the Spider Nest.
 14099 | Lair:3   | Found a staircase to the Swamp.
 14332 | Lair:3   | Found a runed translucent door.
 14344 | Lair:3   | Found a shimmering altar of Xom.
 14344 | Lair:3   | Noticed scionoferis's ghost (journeyman DEAM)
 14372 | Lair:3   | Killed scionoferis's ghost
 14723 | Lair:4   | Reached XP level 14. HP: 130/130 MP: 13/13
 14823 | Lair:4   | Found a staircase to the Slime Pits.
 14955 | Lair:4   | Reached ****** piety under Trog
 14955 | Lair:4   | Received a gift from Trog
 15121 | Lair:4   | Reached skill level 19 in Axes
 15808 | Lair:5   | Entered Level 5 of the Lair of Beasts
 16886 | Lair:5   | Received a gift from Trog
 17075 | Lair:5   | Found a runed translucent door.
 17110 | Lair:5   | Paralysed by a hornet for 3 turns
 17116 | Lair:5   | Reached skill level 20 in Axes
 17899 | Lair:5   | Reached XP level 15. HP: 99/139 MP: 14/14
 18485 | Orc:1    | Entered Level 1 of the Orcish Mines
 18534 | Orc:1    | Found Ken Pef's Antique Armour Boutique.
 18730 | Orc:1    | Reached skill level 15 in Fighting
 18883 | Orc:2    | Entered Level 2 of the Orcish Mines
 19529 | Orc:2    | Found Teewni's Distillery.
 19543 | Orc:2    | Found Sytwiym's Magic Scroll Shop.
 19550 | Orc:2    | Received a gift from Trog
 19575 | Orc:2    | Bought a potion of invisibility for 96 gold pieces
 19575 | Orc:2    | Bought a potion of curing for 36 gold pieces
 19575 | Orc:2    | Bought a potion of resistance for 120 gold pieces
 19575 | Orc:2    | Bought a potion of curing for 36 gold pieces
 19575 | Orc:2    | Bought a potion of heal wounds for 60 gold pieces
 19575 | Orc:2    | Bought a potion of flight for 36 gold pieces
 19575 | Orc:2    | Bought a potion of haste for 120 gold pieces
 19592 | Orc:2    | Bought a scroll of teleportation for 39 gold pieces
 19592 | Orc:2    | Bought a scroll of teleportation for 39 gold pieces
 19592 | Orc:2    | Bought a scroll of identify for 26 gold pieces
 19592 | Orc:2    | Bought a scroll of brand weapon for 123 gold pieces
 19592 | Orc:2    | Bought 3 scrolls of teleportation for 117 gold pieces
 19685 | Orc:2    | Reached skill level 15 in Armour
 19813 | Orc:2    | Noticed an orc warlord
 19864 | Orc:1    | Killed an orc warlord
 20255 | Orc:2    | Noticed Azrael
 20270 | Orc:2    | Killed Azrael
 20273 | Orc:2    | Received a gift from Trog
 20274 | Orc:2    | Reached skill level 21 in Axes
 20365 | Orc:2    | Found Daohoiph's Jewellery Emporium.
 20365 | Orc:2    | Found Tiotwif's Antique Weapon Shoppe.
 20365 | Orc:2    | Found a one-way gate leading to the halls of Pandemonium.
 20424 | Orc:2    | Found a staircase to the Elven Halls.
 20745 | Swamp:1  | Entered Level 1 of the Swamp
 21198 | Swamp:1  | Noticed a tentacled monstrosity
 21207 | Swamp:1  | Killed a tentacled monstrosity
 21566 | Swamp:2  | Identified Roxanne's Atlas of the Figure
 21566 | Swamp:2  | Noticed Roxanne
 21651 | Swamp:2  | Reached XP level 16. HP: 111/151 MP: 15/15
 21810 | Swamp:2  | Noticed a tentacled monstrosity
 21837 | Swamp:2  | Killed a tentacled monstrosity
 21837 | Swamp:2  | Received a gift from Trog
 22755 | Swamp:2  | Identified the +2 pair of gloves of Hedging {rElec rN++
                  | Int+4 Dex+2}
 22943 | Swamp:2  | Reached skill level 22 in Axes
 23333 | Swamp:2  | Killed Roxanne
 23511 | Swamp:3  | Reached skill level 15 in Dodging
 23513 | Swamp:3  | HP: 3/228 [bunyip (24)]
 23513 | Swamp:3  | Slain by a spriggan rider

Illustrated notes

Levels and vault maps discovered:
D:1:      nagdon_arrival_zigzag_paths, layout_basic,
          hellmonk_ecumenical_altar_inner_sanctum
D:2:      layout_loops_cross, minmay_quantized
D:3:      layout_loops_corners, nicolae_ashenzari_skybound, led_sif_book
D:4:      layout_rooms, nicolae_overflow_hallway_of_the_gods, serial_shops,
          nicolae_stop_n_shop_2, nicolae_square_shop, corexii_leaking_fountain,
          uniq_crazy_yiuf_cottage, uniq_blork_the_orc
D:5:      layout_basic
D:6:      layout_basic, chequers_jeans, nicolae_shop_vocational
D:7:      layout_cave_pools, good_gods_temple_1, kennysheep_mini_moat,
          nicolae_vehumet_radiance, minmay_temple_entry_offerings, uniq_menkaure
D:8:      layout_loops_corners, beargit_hepliaklqana_dungeon_heroes,
          serial_shops, nicolae_shop_trees, grunt_ministairs_3
D:9:      layout_long_grid, erik_lair_orcish_takeover
D:10:     layout_roguey, mainiacjoe_overflow_six_doors_small,
          nemelex_xobeh_ov_fountains_minmay, eino_jars
D:11:     layout_gridville
D:12:     minmay_the_grid_plus_closed [minmay_the_grid_tree,
          minmay_the_grid_stretched_grid, minmay_the_grid_large_cup,
          minmay_the_grid_gridbox, minmay_the_grid_prize_four_corners],
          layout_gridville, serial_shops, shop, fedhas_altar_4
Temple:   nicolae_temple_ecumenical_triangle
Lair:1:   layout_layer_cave, grunt_megastairs_4, uniq_erica
Lair:2:   layout_chaotic_city, gammafunk_ghost_icy,
          portal_ice_cave_entry_pillars_1, serial_rivers,
          chequers_serial_rivers_micro_b, chequers_serial_rivers_micro_d,
          chequers_serial_rivers_room_a, chequers_serial_rivers_small_a,
          chequers_serial_rivers_small_3, chequers_serial_rivers_room_b,
          cheibrodos_lair_caveside_slide, wad_woods_road_05
Lair:3:   layout_gridlike, minmay_swamp_entry_worms,
          spider_nest_entry_web_field, ebering_ghost_xom,
          chequers_serial_rivers_micro_e
Lair:4:   layout_cave_pods, minmay_slime_entry_jelly_boxes,
          minmay_shattered_shrine
Lair:5:   hangedman_lair_tendril_chambers, layout_long_grid, wormcave,
          nicolae_lair_lindhole, infiniplex_staircase_pool_2
Swamp:1:  layout_basic_swamp, serial_swamp_ruin, evilmike_swamp_ruin_house_3,
          evilmike_swamp_ruin_house_6
Swamp:2:  layout_basic_swamp, nicolae_swamp_stair_fork, swamp_pool3,
          nicolae_swamp_big_swirl, uniq_roxanne
Swamp:3:  layout_basic_swamp, evilmike_swamp_ruin_house_4, swamp_pool1,
          uniq_mara
Orc:1:    layout_diamond_mine, serial_shops, nicolae_shop_statue_plus,
          david_defended_altar_orc
Orc:2:    pf_orc_diabolical, layout_caves, statue_in_the_mist_lemuel,
          uniq_azrael

Skill      XL: |  1  2  3  4  5  6  7  8  9 10 11 12 13 14 15 16 |
---------------+-------------------------------------------------+-----
Axes           | 4 5 6 7 9 11 13 15 16 18 20 21 22 | 22.2
Fighting       | 4 5 6 7 8 9 11 12 13 14 16 | 16.5
Armour         | 3 4 5 6 8 9 10 12 13 14 15 16 | 16.2
Dodging        | 3 4 5 6 7 8 10 11 12 13 14 15 | 15.0

Action                   |  1- 3 |  4- 6 |  7- 9 | 10-12 | 13-15 | 16-18 || total
-------------------------+-------+-------+-------+-------+-------+-------++-------
Melee: Mace              |    60 |       |       |       |       |       ||    60
       Headbutt          |     4 |    13 |    31 |    62 |   191 |    26 ||   327
       War axe           |     3 |    83 |   106 |       |       |       ||   192
       Punch             |       |     2 |     1 |       |       |       ||     3
       Battleaxe         |       |       |   101 |   340 |   946 |   146 ||  1533
Invok: Berserk           |       |       |     4 |    11 |     5 |     3 ||    23
       Brothers in Arms  |       |       |       |       |     1 |       ||     1
  Use: Scroll            |       |       |       |    22 |     9 |       ||    31
       Potion            |       |       |       |       |       |     1 ||     1
 Stab: Petrified         |       |       |       |       |     7 |       ||     7
Armor: Ring mail         |    28 |    30 |    76 |    12 |       |       ||   146
       Animal skin       |     2 |       |       |       |       |       ||     2
       Plate armour      |       |       |       |   274 |   511 |   174 ||   959
Dodge: Dodged            |    34 |    39 |   148 |   216 |   442 |   111 ||   990
